Map: Dusty Gorge

Players

Massa

  • Race: Terran Terran
  • League: Gold
  • Spawn Location: 9:00

qqq

  • Race: Zerg Zerg
  • League: Platinum
  • Spawn Location: 11:00

cHrOmIuM - Winner!

  • Race: Zerg Zerg
  • League: Gold
  • Spawn Location: 3:00

slyver - Winner!

  • Race: Zerg Zerg
  • League: Diamond
  • Spawn Location: 5:00

VOD

Have the link to the VOD?

Description

Time

  • Played on: May 16, 2020, 5:40 a.m.
  • Length: 10:21
Show
View Real Time Build Order
Export as new Build Order

Massa Terran 

Build Orders:  

Get SALT Encoding   

  12  0:11  Supply Depot  
  12  0:13  SCV  
  13  0:25  SCV  
  14  0:34  Barracks  
  14  0:37  SCV  
  15  0:49  SCV  
  16  0:52  Supply Depot  
  16  1:02  SCV  
  17  1:14  SCV  
  18  1:19  Refinery  
  18  1:31  Barracks  
  18  1:34  Engineering Bay  
  18  1:35  SCV  
  18  1:39  Marine  
  20  1:56  Marine  
  20  1:59  Barracks  
  21  2:07  Barracks  
  21  2:14  Marine  
  22  2:21  Orbital Command  
  22  2:31  Marine  
  22  2:32  Marine  
  24  2:48  Supply Depot  
  24  2:49  Marine  
  24  2:50  Marine  
  26  2:54  Marine  
  26  2:56  Marine  
  28  3:07  Marine  
  28  3:08  Marine  
  28  3:09  Terran Infantry Weapons Level 1  
  28  3:12  Marine  
  31  3:14  Marine  
  31  3:19  Supply Depot  
  32  3:25  Marine x2  
  34  3:29  Marine  
  34  3:32  SCV, Marine  
  37  3:43  Marine x2  
  37  3:47  Marine  
  40  3:49  Marine  
  41  4:00  Marine  
  41  4:01  Marine  
  40  4:05  Marine  
  40  4:07  Marine  
  33  4:18  Marine  
  33  4:19  Marine  
  33  4:23  Marine  
  33  4:25  Marine  
  34  4:36  Marine  
  34  4:37  Marine  
  36  4:41  Marine  
  36  4:43  Marine  
  38  4:54  Marine x2  
  38  4:59  Marine  
  41  5:01  Marine  
  41  5:03  Factory  
  42  5:12  Marine x2  
  42  5:16  Marine  
  42  5:18  Marine  
  41  5:29  Marine  
  41  5:30  Marine  
  41  5:34  Marine  
  40  5:36  Marine  
  40  5:47  Marine  
  40  5:48  Marine  
  40  5:52  Marine  
  40  5:54  Marine  
  33  6:05  Marine  
  33  6:06  Marine  
  33  6:09  Factory Tech Lab  
  33  6:10  Marine  
  35  6:12  Marine  
  35  6:14  SCV  
  35  6:17  Command Center  
  31  6:23  Marine  
  31  6:24  Marine  
  33  6:26  SCV  
  33  6:28  Marine  
  33  6:29  Siege Tank  
  33  6:30  Marine  
  39  6:38  SCV  
  38  6:41  Marine  
  39  6:50  Terran Infantry Armor Level 1, SCV  
  40  6:54  Armory  
  40  7:03  Supply Depot  
  40  7:04  Marine x3  
  40  7:05  Marine  
  43  7:22  Marine x3  
  42  7:23  Marine  
  41  7:37  Siege Tank  
  44  7:40  Marine x3  
  44  7:41  Marine  
  44  7:58  Marine x3  
  43  7:59  Marine  
  39  8:11  Thor  
  45  8:15  Marine  
  45  8:16  Marine x3  
  45  8:19  Missile Turret  
  49  8:21  SCV  
  50  8:33  SCV, Marine x2  
  50  8:34  Marine x2  
  49  8:44  Missile Turret  
  49  8:45  SCV  
  49  8:47  Missile Turret  
  50  8:51  Marine x3  
  50  8:52  Marine, Missile Turret  
  51  8:57  SCV  
  52  9:09  Marine  
  51  9:21  Thor  
  56  9:24  Marine  
  33  9:40  Marine x3  
  33  9:42  Marine  
Show
View Real Time Build Order
Export as new Build Order

qqq Zerg 

Build Orders: Hatch First 

Get SALT Encoding   

  12  0:01  Drone  
  13  0:09  Drone  
  14  0:36  Hatchery  
  13  0:54  Spawning Pool  
  12  1:04  Overlord  
  12  1:16  Drone x2  
  14  1:19  Extractor  
  13  1:30  Drone  
  13  1:31  Drone  
  15  1:42  Queen  
  17  1:56  Zergling x4  
  17  1:57  Drone  
  20  2:10  Spine Crawler  
  20  2:12  Zergling x2  
  20  2:15  Drone  
  21  2:28  Queen  
  23  2:30  Metabolic Boost  
  23  2:41  Drone  
  23  2:42  Drone  
  23  2:43  Zergling x2  
  25  2:55  Drone, Baneling Nest  
  25  3:01  Zergling x2  
  26  3:07  Overlord  
  26  3:11  Drone  
  27  3:18  Zergling x2  
  28  3:21  Overlord  
  28  3:26  Zergling x2  
  29  3:27  Zergling x2  
  30  3:34  Zergling x2  
  30  3:36  Zergling x4  
  30  3:40  Drone  
  34  3:48  Zergling x2  
  34  3:49  Zergling x4  
  32  4:03  Zergling x8  
  32  4:04  Zergling x2  
  35  4:17  Zergling x4  
  35  4:18  Zergling x4  
  39  4:29  Zergling x2  
  39  4:30  Zergling x2  
  41  4:38  Zergling x8  
  42  4:39  Zergling x4  
  40  4:48  Zergling x2  
  40  4:51  Drone, Zergling x4  
  44  4:57  Baneling x3  
  44  4:58  Baneling  
  38  5:13  Zergling x4  
  35  5:23  Baneling x2  
  35  5:24  Zergling x2  
  35  5:25  Zergling x6  
  35  5:26  Drone x2  
  35  5:27  Zergling x2  
  37  5:54  Zergling x6  
  37  5:55  Zergling x6  
  41  6:08  Zergling x6  
  41  6:09  Zergling x4  
  40  6:38  Baneling  
  40  6:39  Baneling x2  
  37  6:40  Zergling x10  
  37  6:41  Zergling x2  
  37  6:42  Overlord  
  37  6:43  Overlord  
  37  6:44  Overlord  
  37  6:45  Overlord  
  43  7:02  Zergling x4  
  43  7:03  Zergling x4  
  39  7:18  Zergling x8  
  39  7:19  Zergling x8  
  44  7:29  Zergling x2  
  45  7:34  Zergling x4  
  46  7:53  Zergling x4  
  46  7:54  Zergling x4  
  49  8:03  Spore Crawler  
  40  8:05  Spore Crawler  
  40  8:06  Spore Crawler  
  40  8:07  Spore Crawler  
  40  8:09  Spore Crawler  
  40  8:10  Spore Crawler x2  
  40  8:12  Drone x3  
  37  8:13  Spore Crawler  
  36  8:23  Drone x4  
  36  8:24  Drone  
  36  8:38  Zergling x2  
  36  8:39  Zergling x4  
  31  8:54  Lair  
  29  8:56  Drone x3  
  29  8:59  Drone  
  29  9:02  Zergling x2  
  34  9:12  Zergling x4  
  34  9:16  Zergling x2  
  34  9:17  Zergling x6  
  40  9:26  Zergling x2  
  38  9:38  Zergling x2  
  38  9:39  Zergling x4  
  40  9:51  Zergling x2  
  40  9:52  Zergling x8  
  45  9:53  Zergling x2  
Show
View Real Time Build Order
Export as new Build Order

cHrOmIuM Zerg - Winner!

Build Orders: Pool First 

Get SALT Encoding   

  12  0:01  Drone  
  13  0:08  Drone  
  14  0:15  Extractor  
  14  0:16  Drone  
  15  0:24  Overlord  
  15  0:39  Spawning Pool  
  15  0:42  Drone  
  15  0:45  Drone  
  15  0:49  Drone  
  17  0:58  Extractor, Drone  
  17  1:05  Drone  
  18  1:21  Hatchery  
  17  1:27  Zergling x2  
  18  1:35  Queen  
  18  1:39  Drone  
  21  1:49  Drone  
  21  1:51  Overlord  
  22  2:14  Drone, Roach Warren  
  22  2:15  Drone  
  23  2:23  Spine Crawler  
  23  2:24  Drone  
  23  2:40  Drone  
  23  2:44  Overlord  
  23  2:54  Roach  
  23  2:55  Roach x3  
  31  3:01  Roach  
  31  3:03  Roach  
  35  3:15  Roach x2  
  39  3:21  Overlord  
  39  3:22  Extractor  
  39  3:24  Drone  
  39  3:35  Lair  
  39  3:36  Drone  
  40  3:53  Roach x3  
  40  3:55  Drone  
  41  4:11  Roach x3  
  47  4:27  Roach  
  47  4:28  Roach  
  47  4:29  Overlord  
  51  4:37  Overlord x2  
  41  4:47  Roach x2  
  41  4:53  Roach  
  39  5:07  Roach  
  39  5:08  Roach x2  
  39  5:20  Roach x3  
  35  5:38  Roach x4  
  43  5:48  Roach x2  
  42  5:53  Roach  
  39  6:05  Roach x2  
  39  6:09  Drone  
  39  6:10  Drone  
  43  6:15  Drone  
  44  6:24  Roach  
  44  6:25  Roach  
  44  6:39  Drone  
  46  6:40  Drone  
  46  6:41  Roach  
  46  6:42  Roach  
  50  6:52  Drone  
  51  6:54  Queen  
  53  7:03  Drone  
  53  7:04  Drone x2  
  54  7:17  Roach x3  
  56  7:28  Roach x3  
  54  7:49  Roach  
  54  7:50  Roach x3  
  43  7:58  Drone  
  42  8:10  Roach  
  42  8:11  Roach x5  
  54  8:15  Glial Reconstitution  
  54  8:24  Drone x2  
  56  8:33  Roach x2  
  58  8:36  Roach  
  46  8:42  Roach  
  46  8:43  Roach  
  50  8:51  Roach  
  50  8:52  Ravager  
  53  9:02  Drone  
  53  9:03  Drone x3  
  54  9:24  Roach  
  54  9:25  Roach x3  
  56  9:36  Roach x3  
  58  9:49  Roach x3  
Show
View Real Time Build Order
Export as new Build Order

slyver Zerg - Winner!

Build Orders: Hatch First, Zergling Baneling 

Get SALT Encoding   

  12  0:01  Drone  
  13  0:08  Drone  
  14  0:19  Overlord  
  14  0:37  Drone x3  
  17  0:57  Drone  
  18  0:58  Hatchery  
  17  1:11  Spawning Pool  
  17  1:14  Drone  
  17  1:19  Drone  
  17  1:20  Extractor  
  17  1:24  Drone  
  18  1:39  Drone  
  19  1:54  Hatchery  
  19  1:58  Zergling x4  
  20  2:06  Queen  
  22  2:12  Drone  
  23  2:24  Drone  
  23  2:25  Metabolic Boost  
  24  2:33  Drone x3  
  27  2:46  Overlord  
  27  2:52  Drone  
  28  3:04  Queen  
  30  3:09  Drone x3  
  30  3:10  Drone  
  30  3:11  Queen  
  36  3:23  Drone, Baneling Nest  
  36  3:25  Zergling x4  
  38  3:28  Drone  
  38  3:32  Drone  
  38  3:33  Drone, Extractor  
  40  3:47  Zergling x4  
  42  3:51  Overlord  
  42  4:00  Zergling x4  
  42  4:11  Zergling x6  
  44  4:20  Zergling x8  
  44  4:21  Zergling x2  
  44  4:23  Drone  
  49  4:24  Drone  
  49  4:25  Overlord  
  49  4:28  Baneling x3  
  49  4:35  Extractor  
  47  4:50  Baneling x6  
  47  4:51  Baneling  
  47  4:52  Zergling x2  
  43  4:53  Zergling x10  
  43  4:56  Drone x5  
  43  4:57  Drone  
  54  5:02  Zergling x4  
  54  5:03  Zergling x4  
  57  5:09  Baneling  
  57  5:15  Drone  
  57  5:16  Lair  
  49  5:28  Zergling x6  
  49  5:29  Zergling x4  
  50  5:38  Baneling x3  
  50  5:40  Zergling x12  
  56  5:44  Zergling x2  
  56  5:47  Overlord x3  
  52  6:01  Zergling x4  
  52  6:02  Zergling x8  
  56  6:09  Drone x2  
  57  6:16  Drone  
  57  6:17  Drone x2, Spire  
  57  6:18  Drone  
  58  6:19  Drone x2  
  58  6:22  Baneling  
  58  6:23  Baneling  
  58  6:28  Drone x2  
  58  6:29  Drone x2  
  58  6:32  Extractor  
  60  6:40  Drone x2  
  60  6:41  Drone x2  
  60  6:44  Extractor  
  63  6:47  Spine Crawler  
  63  6:53  Drone  
  63  6:54  Overlord x2  
  63  6:58  Evolution Chamber  
  63  6:59  Evolution Chamber  
  63  7:00  Drone x3  
  63  7:01  Overlord x2  
  64  7:05  Drone x3  
  67  7:08  Overlord  
  61  7:29  Mutalisk x4  
  67  7:30  Mutalisk x2  
  67  7:31  Mutalisk  
  67  7:32  Mutalisk  
  67  7:36  Zergling x2  
  67  7:37  Zergling x6  
  79  7:40  Extractor  
  79  7:43  Zergling x8  
  79  7:44  Zergling x2  
  85  7:51  Zergling x2  
  86  7:59  Zergling x6  
  86  8:03  Zergling x6  
  86  8:04  Zergling x2  
  91  8:23  Mutalisk x2, Zerg Flyer Weapons Level 1  
  91  8:24  Mutalisk x3  
  91  8:34  Zergling x4  
  91  8:35  Baneling x2, Zergling x4  
  91  8:36  Baneling x5  
  91  8:37  Baneling  
  91  8:38  Baneling, Zergling x4  
  91  8:39  Zergling x2  
  98  8:52  Zergling x2  
  99  9:03  Mutalisk  
  77  9:35  Mutalisk, Zergling x2  
  77  9:36  Zergling x8  
  84  9:41  Zergling x8  
  88  9:52  Zergling x10  
  93  9:58  Infestation Pit  
Tags
 
Add a new tag
Caveats
  • Supply blocks, unpowered buildings, or Contaminate may cause inaccurate times.
  • Supply counts are checked every 10 seconds.